Toad, chaotic male elven Priest ----------- ----------- |..``|``..--- |.........| |....|.....>| |.........| |.........--- |.........| |....|....| |....<....| |-.--------- |.........| |...`|.....| |.........| |....|.....| |.........| |..........| |.........| |....|.....----------------G| |....|...................`@`| ----------------------------- Toad the Adept Experience level: 8 Strength: 13 Dexterity: 15 Constitution: 16 Intelligence: 12 Wisdom: 16 Charisma: 10 Health: 0(62) Energy: 87(132) Def: 6 Gold: 370 Moves: 7270 Dungeon seed: _nANDHwTvxGCrV5A Game ID: Toad_1615671790 Your Inventory: Coins $ - 370 gold pieces Amulets G - an amulet versus poison Weapons a - a blessed +1 mace (weapon in hand) l - a +0 arrow N - a +0 bow S - 11 +0 ya Armor e - a +0 robe (being worn) n - a thoroughly burnt +0 small shield (being worn) q - a +0 pair of iron shoes (being worn) r - a +0 dwarvish iron helm (being worn) Comestibles h - 3 food rations o - a tripe ration v - an orange z - 2 cream pies E - 2 lizard corpses K - 3 fortune cookies Scrolls u - a scroll of earth Potions b - 2 potions of holy water x - 3 potions of water Rings t - a ring of levitation C - a ring of protection from shape changers Z - a ring of free action (on left hand) Wands s - a wand of slow monster (0:8) M - a wand of teleportation (0:5) Tools j - a +0 pick-axe p - a towel w - a magic whistle I - a skeleton key J - a skeleton key Spells and supernatural/magical abilities: Name Level Category Fail Memory a - force bolt 1 attack 0% 71% h - healing 1 healing 0% 64% x - extra healing 3 healing 88% 84% I - identify 3 divination 91% 64% W - pray for help -- divine ? -- X - turn undead -- divine ? -- Your skills at the end: Fighting Skills Weapon Skills mace [Basic] Spellcasting Skills clerical spells [Basic] Final Attributes: You were piously aligned. You were cold resistant. You were sleep resistant. You were poison resistant. You were telepathic. You had infravision. You had free action. You were unlucky. You are dead. Vanquished creatures: 3 large mimics a giant beetle a quivering blob a winter wolf cub a giant spider a horse a vampire bat a dwarf mummy 2 brown puddings 2 lizards a dingo a housecat a dwarf lord a gnome mummy a rope golem a water nymph an orc shaman a rock piercer a rock mole a pony a yellow light a shrieker 9 gnome lords 3 gnomish wizards a kobold mummy a gray ooze a ghoul 2 paper golems 2 floating eyes a kitten 9 dwarves a kobold lord 9 hill orcs 5 rothes a centipede a giant bat a monkey an iguana 11 killer bees an acid blob a hobbit 5 manes 2 hobgoblins a giant rat a cave spider a brown mold a yellow mold a red mold 24 gnomes a gnome zombie 6 geckos 12 jackals 3 foxes 2 kobolds a goblin 3 grid bugs 4 bats 4 lichens a kobold zombie 12 newts 172 creatures vanquished. Voluntary challenges: You were an atheist. You used a wielded weapon 232 times, starting on turn 164. You read items or engraved 20 times, starting on turn 1071. You never genocided any monsters. You never polymorphed an object. You never changed form. You used no wishes. You never split a pudding. You never wrote Elbereth's name. You never violated your personal moral code. Dungeon overview: The Dungeons of Doom: levels 1 to 6 Level 1 an altar to Amaterasu Omikami, some fountains, a sink a long staircase Level 2 Level 3 a general store, a fountain Level 4 stairs to The Gnomish Mines Level 5 Level 6 stairs to Sokoban The Gnomish Mines: levels 5 to 8 Level 5 stairs to The Dungeons of Doom Level 6 Level 7 Level 8 many shops, a temple to Amaterasu Omikami, some fountains Sokoban: levels 4 to 5 Level 4 <- You were here Level 5 stairs to The Dungeons of Doom History has recorded: On T:1 you entered the Dungeons of Doom to retrieve the Amulet of Yendor! On T:357 you reached level 2 of The Dungeons of Doom. On T:652 you advanced to experience level 2. On T:798 you reached level 3 of The Dungeons of Doom. On T:1032 you advanced to experience level 3. On T:1082 you advanced to experience level 4. On T:1528 you advanced to experience level 5. On T:1646 you reached level 4 of The Dungeons of Doom. On T:2203 you reached level 1 of The Gnomish Mines. On T:2510 you advanced to experience level 6. On T:2804 you reached level 2 of The Gnomish Mines. On T:3135 you advanced to experience level 7. On T:3732 you reached level 3 of The Gnomish Mines. On T:4563 you reached level 4 of The Gnomish Mines. On T:4655 you advanced to experience level 8. On T:5502 you reached level 5 of The Dungeons of Doom. On T:5895 you reached level 6 of The Dungeons of Doom. On T:6206 you reached level 4 of Sokoban. On T:6615 you reached level 3 of Sokoban. Score breakdown: Gold: 370 ( 8740 points) Experience: 8 levels (14739 points) Exploration: 8 levels ( 17.78%) (11965 points) Discoveries: 21 items ( 7.34%) ( 8129 points) Valuables value: (no points given unless you survive) Artifact value: 0 ( 0 points) Variety of kills: 60 monsters ( 15.75%) (11905 points) Turncount: 7270 turns (-1907 points) Survival: died (score multiplied by 80%) Total score: 42856 Latest messages: You feel yourself slowing down. You stop running. That door is closed. (2x) You succeed in unlocking the door. The door opens. The gnomish wizard zaps a short wand! The bolt of fire hits you! Your wooden shield smoulders! The bolt of fire bounces! The bolt of fire hits you! Your wooden shield smoulders further! u - 2 scrolls called Earth. As you read the scroll, it disappears. The ceiling rumbles above you! The gnomish wizard is hit by a boulder! You are hit by a boulder! Fortunately, you are wearing a hard hat. You miss the gnomish wizard. The gnomish wizard zaps a wand of fire! The bolt of fire hits you! Your wooden shield smoulders completely! You die... Final status: Goodbye Toad the Priest, killed by a bolt of fire... You died in Sokoban on dungeon level 4 with 42856 points, and 370 pieces of gold, after 7270 moves. You were level 8 with a maximum of 62 hit points when you died.